 Dungeon Crawl Stone Soup version 0.28.0-45-g0d030f2227 (webtiles) character file.

Game seed: 5137587471222013226

132 zeratav the Insei (level 5, -5/34 HPs)
             Began as an Octopode Transmuter on Apr 11, 2022.
             Killed by divine providence
             ... invoked by an orc priest
              (10 damage)
             ... on level 3 of the Dungeon.
             The game lasted 00:05:28 (3015 turns).

zeratav the Insei (Octopode Transmuter)             Turns: 3015, Time: 00:05:28

Health: -5/34      AC:  1    Str:  7    XL:     5   Next: 15%
Magic:  8/8        EV: 14    Int: 15    God:
Gold:   104        SH:  0    Dex: 21    Spells: 4/8 levels left

rFire   + + .      SeeInvis .   e - +5 hand axe "Neqom" {vorpal, rF++ Str-3 Dex+7, axe}
rCold   . . .      Faith    .   (no shield)
rNeg    . . .      Spirit   .   (helmet restricted)
rPois   .          Reflect  .   h - amulet of magic regeneration {@e2}
rElec   .          Harm     .   (no ring)
rCorr   .          Rampage  .   (no ring)
Will    .....                   (no ring)
Stlth   ++++......              (no ring)
HPRegen 0.11/turn               (no ring)
MPRegen 0.51/turn               (no ring)
                                (no ring)
                                (no ring)

@: no status effects
A: almost no armour, amphibious, 8 rings, camouflage 1, gelatinous body 1,
(nimble swimmer 1), tentacles
a: no special abilities


You were on level 3 of the Dungeon.
You visited 1 branch of the dungeon, and saw 3 of its levels.

You collected 104 gold pieces.


Innate Abilities, Weirdness & Mutations

You cannot wear most types of armour.
You are amphibious.
You can wear up to eight rings at the same time.
Your skin changes colour to match your surroundings (Stealth+).
Your rubbery body absorbs attacks. (AC +1, EV +1)
((You are camouflaged when in or above water. (Stealth+)))
You have tentacles for arms and can constrict up to eight enemies at once.


   Skills:
 + Level 2.2 Fighting
 + Level 2.8 Dodging
 + Level 2.8 Stealth
 * Level 4.2 Unarmed Combat
 - Level 2.0 Spellcasting
 - Level 2.0 Transmutations


You had 4 spell levels left.
You knew the following spells:

 Your Spells              Type           Power      Damage    Failure   Level
a - Beastly Appendage     Tmut           14%        N/A       10%         1
b - Spider Form           Tmut/Pois      4%         N/A       41%         3

Your spell library contained the following spells:

 Spells                   Type           Power      Damage    Failure   Level
 Wereblood                Tmut           7%         N/A       14%         2
 Sandblast                Erth           2%         2d4       22%         1
 Passwall                 Tmut/Erth      3%         N/A       22%         2
 Stone Arrow              Conj/Erth      2%         3d7       54%         3
 Ice Form                 Ice/Tmut       4%         N/A       82%         4

Inventory:

Hand Weapons
 e - the +5 hand axe "Neqom" (weapon) {vorpal, rF++ Str-3 Dex+7, axe}
   (You found it on level 2 of the Dungeon)

   It inflicts extra damage upon your enemies.
   Str:       It affects your strength (-3).
   Dex:       It affects your dexterity (+7).
   rF:        It greatly protects you from fire.
Jewellery
 h - an amulet of magic regeneration (around mantle) {@e2}
   (You found it on level 3 of the Dungeon)
Scrolls
 a - 2 scrolls of immolation {!r!r}
 b - a scroll of blinking {unknown}
 c - a scroll of magic mapping {unknown}
 d - a scroll of teleportation {unknown}
 f - a scroll of vulnerability {unknown}
 i - a scroll of identify {unknown}
Potions
 g - a potion of mutation {unknown}

Dungeon Overview and Level Annotations

Branches:
Dungeon (3/15)

Altars:

Shops:
D:2 :==

Annotations:
D:2 1 runed translucent door, Crazy Yiuf

#.#.#......# #
#.#.#......# #########
#.#.#...#+## ####........
#.#.#.[.#.# #.†..#######
#.#.# ###.# #....# #.
..#.# #.# #....# #. ###.#
#.# #....# #. #.#
#.#########.#######
#.#####.@o.o..###........
#...............#########
#############o#o#
######.#.# #......#o#
#......#.#
######.....)#.#
.....'.....÷÷÷#####
#######............#


You could see an orc priest, an orc wizard and 2 orcs.


Message History

An adder comes into view.
You see here a frilled lizard corpse.
You miss the kobold.
The adder hisses angrily.
Your grab misses the kobold. The kobold closely misses you.
You slash the kobold!
You kill the kobold!
The quokka barely misses you.
HP[+1]
Your hp is fully restored (34).
You slash the quokka!
You kill the quokka!
You closely miss the adder. Your grab misses the adder.
The adder completely misses you. The adder closely misses you.
You miss the adder. You grab the adder. You squeeze the adder!
You kill the adder!
Things that are here:
an adder corpse; a quokka corpse An orc wizard comes into view.
It is wielding a +0 dagger.
An orc comes into view. It is wielding a +0 dagger.
Casting: Beastly Appendage (safe; 10% risk of failure)
Confirm with . or Enter, or press ? or * to list all spells.
The spell is quite dangerous to miscast (41% risk of failure)!
Continue anyway?
You miscast Spider Form.
You are very lightly contaminated with residual magic.
Nothing appears to happen.
MP[-3]
You lost 3 mp, and now have 5/8 mp.
Casting: Spider Form (quite dangerous; 41% risk of failure)
Confirm with . or Enter, or press ? or * to list all spells.
The spell is quite dangerous to miscast (41% risk of failure)!
Continue anyway?
You miscast Spider Form.
You feel rather nauseous for a moment!
You are poisoned.
You feel sick.
HP[-14] MP[-2]
You take 14 damage, and now have 20/34 hp.
MASSIVE DAMAGE!! (PAUSE)
You lost 2 mp, and now have 3/8 mp.
You start resting.
You feel sick. x5
You are no longer poisoned.
HP[-4] MP[+5]
You take 4 damage, and now have 16/34 hp.
Your mp is fully restored (8).
You start resting.
Your magical contamination has completely faded away.
HP[+18]
Your hp is fully restored (34).
Casting: Spider Form (quite dangerous; 41% risk of failure)
Confirm with . or Enter, or press ? or * to list all spells.
The spell is quite dangerous to miscast (41% risk of failure)!
Continue anyway?
You turn into a venomous arachnid creature.
The +5 hand axe "Neqom" {vorpal, rF++ Str-3 Dex+7, axe} melds into your body.
MP[-3]
You lost 3 mp, and now have 5/8 mp.
MP[+1]
An orc comes into view. It is wielding a +0 club.
Your transformation is almost over.
The orc shouts!
The orc wizard shouts!
The orc shouts!
MP[+1]
You hit the orc wizard.
An orc priest comes into view. It is wielding a +0 club.
The orc wizard closely misses you.
You barely miss the orc wizard. The orc wizard completely misses you.
MP[+1]
Your mp is fully restored (8).
You barely miss the orc wizard.
The orc priest shouts!
The orc wizard points at you and mumbles some strange words.
The magic dart hits you!
HP[-7]
You take 7 damage, and now have 27/34 hp.
MASSIVE DAMAGE!! (PAUSE)
You closely miss the orc wizard.
HP[+1]
Your transformation has ended.
The +5 hand axe "Neqom" {vorpal, rF++ Str-3 Dex+7, axe} unmelds from your body.
You see here a frilled lizard corpse.
The orc wizard points at you and mumbles some strange words.
You are confused.
HP[+1]
You bump into the rock wall.
You bump into the rock wall.
The orc barely misses you.
You bump into the rock wall.
The orc closely misses you.
You bump into the rock wall.
The orc misses you.
You feel less confused.
The orc priest mumbles some strange prayers to Beogh against you.
Beogh smites you!
* * * LOW HITPOINT WARNING * * *
HP[-16]
You take 16 damage, and now have 13/34 hp.
MASSIVE DAMAGE!! (PAUSE)
The orc priest mumbles some strange prayers to Beogh against you.
Beogh smites you!
* * * LOW HITPOINT WARNING * * *
HP[-8]
You take 8 damage, and now have 5/34 hp.
MASSIVE DAMAGE!! (PAUSE)
The orc priest calls down the wrath of Beogh upon you.
Beogh smites you!
You die...

Skill      XL: |  1  2  3  4 |
---------------+-------------+-----
Stealth        | 1 2 |  2.8
Fighting       | 2 |  2.2
Unarmed Combat | 4 |  4.2
Dodging        | |  2.8
Spellcasting   | |  2.0
Transmutations | |  2.0

Action                   |  1- 3 |  4- 6 || total
-------------------------+-------+-------++-------
Melee: Unarmed           |    46 |     4 ||    50
       Kick              |    16 |     1 ||    17
       Constrict         |    18 |     6 ||    24
       Punch             |     4 |       ||     4
       Tentacles         |    11 |     3 ||    14
       Hand axe          |    25 |    24 ||    49
 Cast: Beastly Appendage |    27 |     5 ||    32
       Spider Form       |     1 |     1 ||     2
 Stab: Sleeping          |     6 |     6 ||    12
Armor: Skin              |     6 |     2 ||     8
Dodge: Dodged            |    38 |    15 ||    53

Levels and vault maps discovered:
D:1:      minmay_arrival_doors, layout_loops_ring,
          hellmonk_ecumenical_altar_blasted, st_stairs_12
D:2:      layout_basic, serial_shops, shop, shop, shop,
          amcnicky_mini_pool_small, minmay_hedge_maze, grunt_ministairs_7,
          uniq_terence, uniq_crazy_yiuf_cottage
D:3:      layout_basic

Notes
Turn   | Place    | Note
-------+----------+-------------------------------------------
     0 | D:1      | zeratav the Octopode Transmuter began the quest for the
                  | Orb.
     0 | D:1      | Reached XP level 1. HP: 13/13 MP: 3/3
     0 | D:1      | magus.rc [v1.9.6]
   186 | D:1      | Reached XP level 2. HP: 15/18 MP: 3/5
   228 | D:1      | Found a faded altar of an unknown god.
   468 | D:1      | Reached skill level 1 in Stealth
  1143 | D:2      | Found Joshes's Jewellery Emporium.
  1313 | D:2      | Found a runed translucent door.
  1314 | D:2      | Noticed Crazy Yiuf
  1333 | D:2      | Identified the +5 hand axe "Neqom" {vorpal, rF++ Str-3
                  | Dex+7}
  1337 | D:2      | You pick up a book of Geomancy and begin reading...
  1337 | D:2      | You add the spells Sandblast, Passwall and Stone Arrow to
                  | your library.
  1364 | D:2      | Reached XP level 3. HP: 23/23 MP: 4/6
  1464 | D:2      | Found Raagh's Jewellery Emporium.
  1524 | D:2      | Found Fovot's Book Emporium.
  1637 | D:2      | Reached skill level 2 in Stealth
  1789 | D:2      | Noticed Terence
  1797 | D:2      | Learned a level 3 spell: Spider Form
  1809 | D:2      | HP: 4/24 [Terence/+0 falchion (11)]
  1810 | D:2      | Killed Terence
  1811 | D:2      | Reached XP level 4. HP: 6/29 MP: 1/7
  2183 | D:2      | Reached skill level 2 in Fighting
  2428 | D:3      | Reached skill level 4 in Unarmed Combat
  2654 | D:3      | Reached XP level 5. HP: 34/34 MP: 8/8
  3010 | D:3      | HP: 5/34 [orc priest/divine providence (9)]
  3015 | D:3      | Killed from afar by an orc priest

Vanquished Creatures
  An orc priest (D:3)
  Terence (D:2)
  2 adders
  A worm (D:2)
  2 dart slugs
  An orc (D:3)
  4 ball pythons
  5 bats
  3 endoplasms
  4 goblins
  6 hobgoblins
  5 jackals
  4 quokkas
  A frilled lizard (D:3)
  3 kobolds
  7 rats
50 creatures vanquished.

Table legend:
 A = Non-vault XP
 B = Vault XP
 C = Vault XP percentage of total XP
 D = Non-vault monster count
 E = Vault monster count
 F = Vault count percentage of total count
                 A         B        C        D         E       F
            +---------+---------+-------+---------+---------+-------
      Total |     145 |      44 |  23.3 |      46 |       4 |   8.0
            +---------+---------+-------+---------+---------+-------
        D:1 |      27 |       1 |   3.6 |      15 |       1 |   6.2
        D:2 |      43 |      43 |  50.0 |      16 |       3 |  15.8
        D:3 |      75 |       0 |   0.0 |      15 |       0 |   0.0
            +---------+---------+-------+---------+---------+-------

Illustrated notes

Table legend:
 A = Kills in this place as a percentage of kills in entire the game.
 B = Kills by you in this place as a percentage of kills by you in the entire game.
 C = Kills by friends in this place as a percentage of kills by friends in the entire game.
 D = Other kills in this place as a percentage of other kills in the entire game.
 E = Experience gained in this place as a percentage of experience gained in the entire game.
 F = Experience gained in this place divided by the number of levels of this place that you have seen.
                   A       B       C       D       E      F
               +-------+-------+-------+-------+-------+----------------------
         Total | 100.0 | 100.0 |   N/A |   N/A | 100.0 |  63.0
       Dungeon | 100.0 | 100.0 |   N/A |   N/A | 100.0 |  63.0
               +-------+-------+-------+-------+-------+----------------------

Table legend: (Time is in decaauts)
 A = Elapsed time spent in this place.
 B = Non-inter-level travel time spent in this place.
 C = Inter-level travel time spent in this place.
 D = Time resting spent in this place.
 E = Time spent auto-exploring this place.
 F = Levels seen in this place.
 G = Mean time per level.
                   A        B        C        D        E       F      G
               +--------+--------+--------+--------+--------+-----+--------+
         Total |   3027 |   2860 |    167 |    598 |   1752 |   3 | 1009.0 |
       Dungeon |   3027 |   2860 |    167 |    598 |   1752 |   3 | 1009.0 |
               +--------+--------+--------+--------+--------+-----+--------+

Top non-repeatable levels by time:
     D:2: 1331 daAuts
     D:1: 1136 daAuts
     D:3: 559 daAuts
